 Dungeon Crawl Stone Soup version 0.22-a0-247-gbddf880 (webtiles) character file.

483 varam the Digger (level 7, -5/41 HPs)
             Began as an Octopode Earth Elementalist on Feb 27, 2018.
             Slain by Duvessa
             ... wielding a +0 short sword
              (21 damage)
             ... on level 4 of the Dungeon.
             The game lasted 00:10:48 (3096 turns).

varam the Digger (Octopode Earth Elementalist)      Turns: 3096, Time: 00:10:49

Health: -5/41      AC:  1    Str:  9    XL:     7   Next: 12%
Magic:  7/12       EV: 13    Int: 19    God:
Gold:   133        SH:  0    Dex: 13    Spells: 6/12 levels left

rFire    . . .     SeeInvis .   (no weapon)
rCold    . . .     Gourm    .   (no shield)
rNeg     + . .     Faith    .   (helmet restricted)
rPois    .         Spirit   .   e - amulet of harm
rElec    .         Reflect  .   f - +2 ring of strength
rCorr    .         Harm     +   t - ring of positive energy
MR       .....                  (no ring)
Stlth    +++.......             (no ring)
HPRegen  0.13/turn              (no ring)
MPRegen  0.13/turn              (no ring)
                                (no ring)
                                (no ring)

@: no status effects
A: almost no armour, stealthy swim, amphibious, 8 rings, constrict 8, camouflage
1, gelatinous body 1
a: no special abilities


You were on level 4 of the Dungeon.
You were not hungry.

You visited 1 branch of the dungeon, and saw 5 of its levels.

You collected 133 gold pieces.

Inventory:

Missiles
 b - 67 stones (quivered)
Armour
 n - a cursed -1 buckler
Jewellery
 e - an amulet of harm (around mantle)
 f - a +2 ring of strength (left tentacle)
 m - an uncursed amulet of faith {unknown}
 t - a ring of positive energy (right tentacle)
Wands
 s - a wand of paralysis (8)
Scrolls
 d - 2 scrolls of remove curse {unknown}
 h - 2 scrolls of magic mapping {unknown}
 i - 2 scrolls of enchant weapon {unknown}
 j - 2 scrolls of identify {unknown}
 k - a scroll of blinking {unknown}
 l - 2 scrolls of enchant armour {unknown}
 o - a scroll of fog {unknown}
 p - 3 scrolls of teleportation {unknown}
 u - a scroll of immolation {unknown}
 v - a scroll of fear {unknown}
Potions
 g - a potion of curing {unknown}
 q - a potion of invisibility {unknown}
 r - a potion of heal wounds {unknown}
Comestibles
 a - 3 chunks of flesh
 c - 11 rations


   Skills:
 - Level 2.0 Dodging
 - Level 2.6 Stealth
 + Level 2.9 Shields
 + Level 3.4 Spellcasting
 + Level 2.9 Conjurations
 - Level 1.0 Transmutations
 - Level 5.4 Earth Magic


You had 6 spell levels left.
You knew the following spells:

 Your Spells              Type           Power        Failure   Level  Hunger
a - Sandblast             Erth           ###...       1%          1    None
b - Stone Arrow           Conj/Erth      ###...       8%          3    ###....
c - Passwall              Tmut/Erth      ###.......   6%          2    ##.....


Dungeon Overview and Level Annotations

Branches:
Dungeon (5/15)
 Temple: D:4-7

Altars:
Gozag

Annotations:
D:4 Duvessa
D:5 Edmund, Grinder


Innate Abilities, Weirdness & Mutations

You cannot wear most types of armour.
You are very stealthy in the water. (Stealth+)
You are amphibious.
You can wear up to eight rings at the same time.
You can use your tentacles to constrict eight enemies at once.
Your skin changes colour to match your surroundings (Stealth+).
Your rubbery body absorbs attacks. (AC +1, EV +1)


Message History

The blast of sand hits Duvessa.
b - 68 stones Duvessa hits you with a short sword.
Casting: Sandblast (safe; 1% risk of failure)
Confirm with . or Enter, or press ? or * to list all spells.
Aiming: Sandblast (safe; 1% risk of failure)
Press: ? - help, Shift-Dir - straight line, f/p - Duvessa
Aim: Duvessa, wielding a short sword and wearing a chain mail (berserk, fast, unusually strong)
The blast of sand hits Duvessa.
b - 67 stones Duvessa closely misses you.
Duvessa hits you with a short sword!
Casting: Sandblast (safe; 1% risk of failure)
Confirm with . or Enter, or press ? or * to list all spells.
Aiming: Sandblast (safe; 1% risk of failure)
Press: ? - help, Shift-Dir - straight line, f/p - Duvessa
Aim: Duvessa, wielding a short sword and wearing a chain mail (berserk, fast, unusually strong)
Okay, then.
Duvessa hits you with a short sword!!
Ouch! That really hurt!
You die...

............#.......#........
###.........#.....<.#........
#.................#e....... #
#....................$..... #
#.................#........ #
#..........####.###........ #
#)..........[#....)..[.....
###..........#.#.e###........
.##.............@.........?..
..##.......#....>............
....................#........
##.#....................#####
##.##.###.#####.........#
##..#.###.# #....#....#
###.#.##..#####.........# ###
###......###..........###
.###..
.#..##.##..>.####.....#
..##...


You could see Duvessa (berserk).

Vanquished Creatures
  Dowan (D:4)
  A scorpion (D:4)
  A howler monkey (D:4)
  A bullfrog skeleton (D:5)
  2 orc priests
  2 iguanas (D:4)
  Jessica (D:3)
  3 gnolls (D:3)
  6 adders
  2 oozes
  2 worms
  2 dart slugs
  A leopard gecko (D:4)
  4 orcs
  6 bats
  2 giant cockroaches
  6 goblins
  4 hobgoblins
  7 jackals
  A quokka (D:3)
  3 ball pythons
  10 frilled lizards
  3 kobolds
  A leopard gecko zombie (D:5)
  8 rats
80 creatures vanquished.

Notes
Turn   | Place    | Note
-------+----------+-------------------------------------------
     0 | D:1      | varam the Octopode Earth Elementalist began the quest for the Orb.
     0 | D:1      | Reached XP level 1. HP: 11/11 MP: 3/3
   291 | D:1      | Reached XP level 2. HP: 17/17 MP: 1/5
   737 | D:2      | Noticed Jessica
   843 | D:2      | Reached skill level 4 in Earth Magic
   867 | D:2      | Reached XP level 3. HP: 21/21 MP: 0/6
   965 | D:2      | Learned a level 3 spell: Stone Arrow
  1127 | D:3      | Killed Jessica
  1127 | D:3      | Reached XP level 4. HP: 4/27 MP: 5/7
  1426 | D:2      | Reached skill level 5 in Earth Magic
  1430 | D:2      | Learned a level 2 spell: Passwall
  1941 | D:3      | Found an opulent altar of Gozag.
  1949 | D:3      | Reached XP level 5. HP: 31/31 MP: 5/8
  2092 | D:3      | Reached skill level 1 in Shields
  2092 | D:3      | Reached skill level 1 in Conjurations
  2568 | D:4      | Reached XP level 6. HP: 33/36 MP: 1/9
  2735 | D:4      | Reached skill level 2 in Conjurations
  2808 | D:4      | Noticed Dowan
  2814 | D:5      | Entered Level 5 of the Dungeon
  2830 | D:5      | Reached skill level 2 in Shields
  2834 | D:5      | Noticed Edmund
  2848 | D:5      | Noticed Grinder
  2852 | D:5      | Paralysed by Grinder for 5 turns
  2880 | D:4      | Reached skill level 3 in Spellcasting
  3082 | D:4      | Noticed Duvessa
  3087 | D:4      | Killed Dowan
  3087 | D:4      | Reached XP level 7. HP: 41/41 MP: 8/12
  3096 | D:4      | Slain by Duvessa

Vault maps used:
D:1:      grunt_arrival_crossed_arrows, minmay_misc_feat_square,
          minmay_pentomino_t2
D:2:      minmay_misc_feat_enclosed, uniq_jessica
D:3:      nicolae_overflow_crystal_walls, first_ration, nrook_mini_backslash
D:4:      uniq_duvessa
D:5:      minmay_temple_entry_trees, serial_shops, kennysheep_little_box,
          uniq_grinder, uniq_edmund

Skill      XL: |  1  2  3  4  5  6 |
---------------+-------------------+-----
Earth Magic    | 4 5 |  5.4
Shields        | 1 2 |  2.9
Conjurations   | 1 2 |  2.9
Spellcasting   | 3 |  3.4
Dodging        | |  2.0
Stealth        | |  2.6
Transmutations | |  1.0

Action                   |  1- 3 |  4- 6 |  7- 9 || total
-------------------------+-------+-------+-------++-------
Melee: Unarmed           |    15 |    11 |       ||    26
       Constrict         |     5 |     5 |       ||    10
       Tentacles         |     1 |     3 |       ||     4
 Cast: Sandblast         |    33 |    80 |     3 ||   116
       Stone Arrow       |       |     2 |       ||     2
       Passwall          |       |     1 |       ||     1
 Stab: Sleeping          |       |     3 |       ||     3
  Eat: Chunk             |     1 |     7 |       ||     8
Armor: Skin              |     6 |     4 |       ||    10
Dodge: Dodged            |    34 |    15 |     1 ||    50

Table legend:
 A = Spawn XP
 B = Non-spawn XP
 C = Spawn XP percentage of total XP
 D = Spawn monster count
 E = Non-spawn monster count
 F = Spawn count percentage of total count
 G = Total turns spent on level
                    A         B        C        D         E        F      G
               +---------+---------+-------+---------+---------+-------+---------
         Total |       0 |     690 |   0.0 |       0 |      80 |   0.0 |  3096
               +---------+---------+-------+---------+---------+-------+---------
           D:1 |       0 |      17 |   0.0 |       0 |      12 |   0.0 |   715
           D:2 |       0 |      78 |   0.0 |       0 |      23 |   0.0 |   822
           D:3 |       0 |     176 |   0.0 |       0 |      25 |   0.0 |  1048
           D:4 |       0 |     376 |   0.0 |       0 |      18 |   0.0 |   487
           D:5 |       0 |      43 |   0.0 |       0 |       2 |   0.0 |    24
               +---------+---------+-------+---------+---------+-------+---------
